 Dungeon Crawl Stone Soup version 0.29-a0-96-g93358da72b (webtiles) character file.

Game seed: 9865402622732439092

1 innerfire433 the Skirmisher (level 1, -1/18 HPs)
             Began as a Demonspawn Monk on Feb 12, 2022.
             Slain by a kobold (2 damage)
             ... on level 1 of the Dungeon.
             The game lasted 00:00:07 (21 turns).

innerfire433 the Skirmisher (Demonspawn Monk)         Turns: 21, Time: 00:00:08

Health: -1/18      AC:  2    Str: 11    XL:     1   Next: 16%
Magic:  1/1        EV: 13    Int: 11    God:
Gold:   0          SH:  0    Dex: 15    Spells: 0/0 levels left

rFire   . . .      SeeInvis .   a - +0 falchion
rCold   . . .      Faith    .   (no shield)
rNeg    . . .      Spirit   .   b - +0 robe
rPois   .          Reflect  .   (no helmet)
rElec   .          Harm     .   (no cloak)
rCorr   .          Rampage  .   (no gloves)
Will    .....                   (no boots)
Stlth   ++........              (no amulet)
HPRegen 0.06/turn               (no ring)
MPRegen 0.07/turn               (no ring)

@: lethally poisoned (-1 -> -6)
A: no striking features
a: no special abilities


You were on level 1 of the Dungeon.
You visited 1 branch of the dungeon, and saw 1 of its levels.

Inventory:

Hand Weapons
 a - a +0 falchion (weapon)
Armour
 b - a +0 robe (worn)


   Skills:
 + Level 3.0 Fighting
 + Level 2.7 Long Blades
 + Level 2.7 Dodging
 + Level 1.8 Stealth


You couldn't memorise any spells.
You didn't know any spells.
Your spell library was empty.

Dungeon Overview and Level Annotations

Branches:
Dungeon (1/15)

Altars:


Message History

Press ? for a list of commands and other information.
Found a staircase leading out of the dungeon.
A goblin comes into view. It is wielding a +0 club.
Found a ring mail.
The goblin shouts!
You hear a shout!
A goblin is nearby!
A bat comes into view.
You slash the goblin!
You kill the goblin!
A kobold comes into view. It is wielding a +2 dagger of venom.
Found a scroll labelled BUGHER TASUAK.
The bat hits you but does no damage.
You barely miss the bat. The bat hits you but does no damage.
The kobold hits you but does no damage.
You are poisoned.
You miss the bat.
You feel very sick. The bat barely misses you.
A frilled lizard comes into view.
The kobold hits you with a +2 dagger of venom.
You barely miss the kobold.
You feel sick. The bat hits you but does no damage.
The kobold hits you with a +2 dagger of venom.
You are lethally poisoned!
The frilled lizard hisses angrily.
You hit the kobold.
The kobold is moderately wounded.
You feel very sick. The bat closely misses you.
The bat hits you but does no damage.
The kobold hits you with a +2 dagger of venom.
* * * LOW HITPOINT WARNING * * *
The bat misses you.
* * * LOW HITPOINT WARNING * * *
You feel sick. The bat closely misses you. The kobold barely misses you.
You see here a +0 club.
You closely miss the kobold.
The kobold is moderately wounded.
* * * LOW HITPOINT WARNING * * *
You feel sick. The bat closely misses you.
The kobold hits you but does no damage.
The kobold hits you with a +2 dagger of venom.
You die...

#. #. # . #. ##.#..
#. .#...#
#.######......
######.............
.....[......Kb....? #
#######....@.l#.l..
#..##.......#.#.##..#
. #.P♣P.P....##.....
##
##.......P♣.......##
#...P..♣...P.♣.#.##
P.P.........♣.P..#
♣.P..P.P.......##
♣..P.....P...♣.#
..♣..........♣..#


You could see a bat, a kobold and a frilled lizard.

Vanquished Creatures
  A goblin (D:1)
1 creature vanquished.

Notes
Turn   | Place    | Note
-------+----------+-------------------------------------------
     0 | D:1      | innerfire433 the Demonspawn Monk began the quest for the
                  | Orb.
     0 | D:1      | Reached XP level 1. HP: 18/18 MP: 1/1
    21 | D:1      | Slain by a kobold

Illustrated notes

Levels and vault maps discovered:
D:1:      wander_arrival_fairy_ring, layout_rooms, serial_shops, shop,
          ebering_ecumenical_altar_sacrificial, st_stairs_8

Action                   || total
-------------------------++-------
Melee: Falchion          ||     6
Armor: Robe              ||     6
Dodge: Dodged            ||     6

Table legend: (Time is in decaauts)
 A = Elapsed time spent in this place.
 B = Non-inter-level travel time spent in this place.
 C = Inter-level travel time spent in this place.
 D = Time resting spent in this place.
 E = Time spent auto-exploring this place.
 F = Levels seen in this place.
 G = Mean time per level.
                   A        B        C        D        E       F      G
               +--------+--------+--------+--------+--------+-----+--------+
         Total |     21 |     21 |      0 |      0 |     10 |   1 |   21.0 |
       Dungeon |     21 |     21 |      0 |      0 |     10 |   1 |   21.0 |
               +--------+--------+--------+--------+--------+-----+--------+

Top non-repeatable levels by time:
     D:1: 21 daAuts
